 Dungeon Crawl Stone Soup version 0.28-a0-1477-g273aa18710 (webtiles) character file.

Game seed: 6308014332079504045

13360 IndexError the Summoner (level 12, -4/91 HPs)
             Began as a Gnoll Summoner on Jan 11, 2022.
             Was an Initiate of Ashenzari.
             Killed by an exploding themself (23 damage)
             ... ignited by their inner flame
             ... on level 10 of the Dungeon.
             The game lasted 00:38:38 (15610 turns).

IndexError the Summoner (Gnoll Summoner)           Turns: 15610, Time: 00:38:39

Health: -4/91      AC: 11    Str:  8    XL:     12   Next: 5%
Magic:  7/25       EV: 14    Int: 26    God:    Ashenzari [......]
Gold:   379        SH:  5    Dex: 13    Spells: 11/29 levels left

rFire   . . .      SeeInvis +   q - +5 halberd of the Wraith {drain, SInv}
rCold   + . .      Faith    .   (shield currently unavailable)
rNeg    . . .      Spirit   .   z - +0 leather armour of Compassion {Int+7 Slay+2}
rPois   .          Reflect  +   (no helmet)
rElec   .          Harm     .   x - +2 cloak
rCorr   .          Rampage  .   m - +0 pair of gloves
Will    .....                   F - +2 pair of boots of the Fated Submission {Self, Comp} (curse)
Stlth   ++++......              P - amulet of reflection
HPRegen 0.25/turn               C - ring of flight {+Fly, !d}
MPRegen 0.19/turn               B - ring of protection from cold {rC+, !d}

@: flying
A: fangs 1, strong nose, distributed training
a: Renounce Religion, Curse Item, Shatter the Chains


You were on level 10 of the Dungeon.
You worshipped Ashenzari.
Ashenzari was noncommittal.
You visited 2 branches of the dungeon, and saw 13 of its levels.
You also visited: Bailey.

You collected 625 gold pieces.
You spent 246 gold pieces at shops.

Inventory:

Hand Weapons
 q - the +5 halberd of the Wraith (weapon) {drain, SInv}
   (You found it on level 2 of the Dungeon)

   A truly terrible weapon, it drains the life of any living foe it strikes.
   SInv:      It lets you see invisible.
 N - the +3 spear of Vaihesom {freeze, *Rage +Blink rPois Stlth+}
   (You found it on level 9 of the Dungeon)

   It freezes those it strikes, dealing additional cold damage.
   It can also slow down cold-blooded creatures.
   rPois:     It protects you from poison.
   +Blink:    It lets you blink.
   *Rage:     It berserks you when you make melee attacks (+20% chance).
   Stlth:     It makes you more stealthy.
Missiles
 e - a curare-tipped dart
 s - 6 silver javelins (quivered)
 v - 7 javelins
 O - 2 throwing nets {=f, !d}
Armour
 m - a +0 pair of gloves (worn)
   (You found it on level 2 of the Dungeon)
 x - a +2 cloak (worn)
   (You found it on level 4 of the Dungeon)
 z - the +0 leather armour of Compassion (worn) {Int+7 Slay+2}
   (You bought it in a shop on level 4 of the Dungeon)

   Int:       It affects your intelligence (+7).
   Slay:      It affects your accuracy & damage with ranged weapons and melee
   (+2).
 F - the cursed +2 pair of boots of the Fated Submission (worn) {Self, Comp}
   (You bought it in a shop on level 4 of the Dungeon)

   It has a curse which improves the following skills: Introspection: Fighting
   and Spellcasting.
   Companions: Summonings and Necromancy.
 R - the +2 ring mail "Geututip" {Int+4}
   (You found it on level 10 of the Dungeon)

   Int:       It affects your intelligence (+4).
Jewellery
 B - a ring of protection from cold (right hand) {rC+, !d}
   (You found it on level 6 of the Dungeon)
 C - a ring of flight (left hand) {+Fly, !d}
   (You found it on level 6 of the Dungeon)
 P - an amulet of reflection (around neck)
   (You took it off an orc priest on level 9 of the Dungeon)
Wands
 d - a wand of flame (24)
   (You took it off a kobold on level 3 of the Dungeon)
 w - a wand of mindburst (8)
   (You found it on level 4 of the Dungeon)
 G - a wand of digging (6)
   (You found it on level 8 of the Dungeon)
 I - a wand of iceblast (4)
   (You found it on level 11 of the Dungeon)
Scrolls
 a - 2 scrolls of fear {unknown}
 c - 2 scrolls of magic mapping {unknown}
 i - 7 scrolls of identify {unknown}
 l - 5 scrolls of teleportation {unknown}
 n - 2 scrolls of silence {unknown}
 p - 3 scrolls of enchant armour {unknown}
 t - 4 scrolls of blinking {unknown}
 u - 4 scrolls of vulnerability {unknown}
 y - 3 scrolls of immolation {unknown}
 A - a scroll of summoning {unknown}
 E - a scroll of torment {unknown}
 L - a scroll of noise {unknown}
 M - a scroll of brand weapon {unknown}
Potions
 b - 4 potions of brilliance
 f - a potion of berserk rage {unknown}
 g - 4 potions of curing {unknown}
 h - 2 potions of cancellation {unknown}
 j - 3 potions of degeneration {unknown}
 k - 3 potions of flight {unknown}
 o - 3 potions of lignification {unknown}
 r - a potion of invisibility {unknown}
 D - 2 potions of haste {unknown}
 J - a potion of ambrosia {unknown}
 K - a potion of might {unknown}
 Q - a potion of mutation {unknown}
Miscellaneous
 H - a piece from Xom's chessboard (15/15)
   (You found it in a bailey)


   Skills:
 + Level 6.9(7.3) Fighting
 + Level 6.9 Short Blades
 + Level 6.9 Long Blades
 + Level 6.9 Axes
 + Level 6.9 Maces & Flails
 + Level 6.9 Polearms
 + Level 6.9 Staves
 + Level 6.9 Slings
 + Level 6.9 Bows
 + Level 6.9 Crossbows
 + Level 6.9 Throwing
 + Level 6.9 Armour
 + Level 8.3 Dodging
 + Level 8.1 Stealth
 + Level 6.9 Shields
 + Level 6.9 Unarmed Combat
 + Level 8.6(9.0) Spellcasting
 + Level 5.7 Conjurations
 + Level 5.7 Hexes
 + Level 9.2(9.6) Summonings
 + Level 5.7(6.1) Necromancy
 + Level 5.7 Translocations
 + Level 5.7 Transmutations
 + Level 5.7 Fire Magic
 + Level 5.7 Ice Magic
 + Level 5.7 Air Magic
 + Level 5.7 Earth Magic
 + Level 5.7 Poison Magic
 + Level 7.5 Invocations
 + Level 6.9 Evocations


You had 11 spell levels left.
You knew the following spells:

 Your Spells              Type           Power      Damage    Failure   Level
a - Summon Small Mammal   Summ           100%       N/A       1%          1
b - Call Canine Familiar  Summ           58%        N/A       1%          3
c - Call Imp              Summ           58%        N/A       1%          2
d - Summon Guardian Gole  Hex/Summ       51%        N/A       1%          3
e - Summon Lightning Spi  Summ/Air       51%        N/A       3%          4
f - Summon Forest         Summ/Tloc      25%        N/A       9%          5

Your spell library contained the following spells:

 Spells                   Type           Power      Damage    Failure   Level
 Ensorcelled Hibernation  Hex/Ice        82%        N/A       1%          2
 Scorch                   Fire           82%        2d9       1%          2
 Confusing Touch          Hex            41%        N/A       1%          3
 Spider Form              Tmut/Pois      41%        N/A       1%          3
 Anguish                  Hex/Necr       21%        N/A       6%          4
 Airstrike                Air            20%        N/A       7%          4
 Flame Wave               Conj/Fire      41%        2d8       7%          4
 Leda's Liquefaction      Hex/Erth       20%        N/A       7%          4
 Blade Hands              Tmut           20%        N/A       19%         5
 Irradiate                Conj/Tmut      20%        3d20      19%         5
 Lee's Rapid Deconstruct  Erth           20%        3d13*     19%         5
 Yara's Violent Unravell  Hex/Tmut       20%        3d9       19%         5
 Summon Cactus Giant      Summ           29%        N/A       21%         6
 Statue Form              Tmut/Erth      27%        N/A       71%         6
 Dragon Form              Tmut           20%        N/A       99%         7
 Enfeeble                 Hex            20%        N/A       99%         7
 Disjunction              Tloc           20%        N/A       100%        8


Dungeon Overview and Level Annotations

Branches:
Dungeon (12/15)            Temple (1/1) D:6            Lair (0/6) D:9
    Orc (0/2) D:9          Bailey (visited)

Altars:
Ashenzari
Cheibriados
Dithmenos
Elyvilon
Fedhas
Gozag
Hepliaklqana
Kikubaaqudgha
Makhleb
Nemelex Xobeh
Okawaru
Qazlal
Ru
Sif Muna
Trog
Uskayaw
Vehumet
Wu Jian
Xom
Yredelemnul
Zin
The Shining One
Beogh

Shops:
D:2 ?   D:4 [

Annotations:
D:10 1 runed translucent door
D:11 2 transporters, fly's ghost, journeyman DgTm


Innate Abilities, Weirdness & Mutations

You have very sharp teeth.
Your uncanny sense of smell can sniff out nearby items.
Your experience applies equally to all skills.


Message History

Casting: Call Canine Familiar (safe; 1% risk of failure)
Confirm with . or Enter, or press ? or * to list all spells.
A beastly little devil appears in a puff of frigid air.
The four-headed hydra barely misses you.
The four-headed hydra bites you.
The four-headed hydra barely misses you.
The four-headed hydra bites you.
You take 7 damage, and have 77/84 hp.
You now have 10/24 mp.
Your warg bites the four-headed hydra!
Your white imp gestures at the four-headed hydra.
The puff of frost hits the four-headed hydra!
There is an open translucent door here.
The four-headed hydra bites your white imp. x2
The four-headed hydra misses your white imp.
The four-headed hydra bites your white imp!
Your white imp disappears in a puff of smoke!
Your warg bites the four-headed hydra!
The four-headed hydra bites your warg! x3
The four-headed hydra bites your warg.
Your warg completely misses the four-headed hydra.
Your guardian golem overheats!
Your warg bites the four-headed hydra!
The four-headed hydra bites your warg. Flame seeps out of your guardian golem.
The four-headed hydra bites your warg!!
Your warg's corpse disappears in a puff of smoke!
Flame seeps out of your guardian golem.
The four-headed hydra completely misses you.
The four-headed hydra bites you. The four-headed hydra misses you.
The four-headed hydra bites you but does no damage.
The four-headed hydra barely misses you.
The four-headed hydra bites you.
Your guardian golem is engulfed in blazing flames.
Flame seeps out of your guardian golem.
You take 3 damage, and have 74/84 hp.
The four-headed hydra misses you. The four-headed hydra bites you!
The four-headed hydra bites you.
You block the four-headed hydra's attack.
Your guardian golem is engulfed in blazing flames.
Flame seeps out of your guardian golem.
You take 17 damage, and have 57/84 hp.
MASSIVE DAMAGE!!
The four-headed hydra bites you! The four-headed hydra misses you.
The four-headed hydra bites you. x2
You take 13 damage, and have 44/84 hp.
Casting: Call Imp (safe; 1% risk of failure)
Confirm with . or Enter, or press ? or * to list all spells.
The four-headed hydra bites you.
The four-headed hydra barely misses you.
The four-headed hydra bites you.
The four-headed hydra closely misses you.
You take 5 damage, and have 39/84 hp.
You now have 8/24 mp.
Casting: Call Canine Familiar (safe; 1% risk of failure)
Confirm with . or Enter, or press ? or * to list all spells.
A metallic apparition takes form in the air.
The four-headed hydra bites you.
The four-headed hydra closely misses you.
The four-headed hydra bites you but does no damage.
The four-headed hydra closely misses you.
You take 1 damage, and have 38/84 hp.
You now have 6/24 mp.
Your warg bites the four-headed hydra.
The four-headed hydra bites you but does no damage.
The four-headed hydra closely misses you.
The four-headed hydra barely misses you.
The four-headed hydra bites you!
You take 11 damage, and have 27/84 hp.
What are your orders? t - Bark!
Orders for allies: a - Attack new target. r - Retreat! s - Stop attacking. g - Guard the area. f - Follow me.
Anything else - Cancel.
Gang up on whom?
Press: ? - help, Dir - move target, f - four-headed hydra
Aim: a four-headed hydra (severely wounded, ally target) Attack!
Your warg completely misses the four-headed hydra.
Your iron imp barely misses the four-headed hydra.
The four-headed hydra bites you!
* * * LOW HITPOINT WARNING * * *
The four-headed hydra barely misses you.
The four-headed hydra completely misses you.
The four-headed hydra barely misses you.
You take 10 damage, and have 17/84 hp.
Your warg bites the four-headed hydra!
The four-headed hydra bites your warg! Flame seeps out of your guardian golem.
The four-headed hydra barely misses your warg.
The four-headed hydra bites your warg. Flame seeps out of your guardian golem.
The four-headed hydra bites your warg. Flame seeps out of your guardian golem.
Your iron imp barely misses the four-headed hydra.
Your warg bites the four-headed hydra!
Your guardian golem is engulfed in blazing flames.
Flame seeps out of your guardian golem.
You have reached level 12!
You feel agile.
You regained 2 hp, and now have 19/91 hp.
You start resting.
Your guardian golem is engulfed in blazing flames.
Your guardian golem disappears in a puff of smoke!
The fiery explosion engulfs your iron imp.
Your iron imp completely resists.
The fiery explosion engulfs your warg!! The fiery explosion engulfs you!!
You die...

######.....
#..........(....# ∆ .....
##'###########'####
..)...#.................>
∆
......#..................
......##...............#.
.).).##................
#)§§##........####...
#§○5#....##..# #...
##h@#....##..# #...
###8....##..# #... .
#......##..# #... ..
##.....##..# #... ..
#.....##..# #... .c
#.....##..# #...
##....##..# #### #####
###....##..#####.. #...##
##.#....##..'..####


You could see a friendly warg (summoned, sheltered), a friendly lightning spire
(summoned, sheltered) and a friendly iron imp (summoned, sheltered).

Vanquished Creatures
  A two-headed ogre (D:10)
  A komodo dragon (D:10)
  A kobold demonologist (D:10)
  A hornet (D:9)
  A vampire (Bailey)
  A wraith (D:10)
  A yak (D:8)
  3 wyverns
  2 humans (D:6)
  A warg (D:9)
  An acid dragon (D:10)
  3 orc warriors
  A hornet zombie (D:6)
  An ice beast (D:8)
  3 black bears
  A sky beast (D:5)
  An ogre (D:6)
  A centaur (D:8)
  A phantom (D:5)
  2 bullfrogs
  A scorpion (D:6)
  A wyvern zombie (D:9)
  5 killer bees
  A water moccasin skeleton (D:5)
  6 wights (D:8)
  A vampire bat (Bailey)
  7 wolf zombies (Bailey)
  3 howler monkeys (D:10)
  A centaur zombie (D:9)
  2 lava snakes (D:7)
  3 hounds
  A bullfrog zombie (D:6)
  6 orc priests
  3 jellies
  A gnoll shaman (D:5)
  A bullfrog skeleton (D:6)
  7 orc wizards
  2 killer bee zombies
  A hound skeleton (D:3)
  4 gnolls (D:5)
  3 adders
  2 shadow imps
  A white imp (D:7)
  An ufetubus (D:3)
  An adder skeleton (D:4)
  A worm (D:4)
  2 dart slugs
  31 orcs
  5 bats
  6 endoplasms
  4 giant cockroaches
  8 goblins
  4 hobgoblins
  6 jackals (D:4)
  2 quokkas
  5 ball pythons
  2 frilled lizards (D:1)
  7 kobolds
  9 orc zombies (Bailey)
  2 rats
187 creatures vanquished.

Vanquished Creatures (collateral kills)
  A hydra (D:10)
  The ghost of paps the Unseen, a novice OpDe of Gozag (D:9)
  A cyclops (D:10)
  A gargoyle (Bailey)
  A troll (D:7)
  A vampire (Bailey)
  5 yaks
  2 humans (D:6)
  A vampire mosquito (D:10)
  An acid dragon (D:12)
  A sky beast (D:7)
  5 orc warriors
  4 centaurs
  3 ogres
  A phantom (D:5)
  A kobold brigand (D:7)
  A gnoll sergeant (D:10)
  2 killer bees
  9 wights
  A howler monkey (D:9)
  6 vampire bats (Bailey)
  A bullfrog zombie (D:5)
  5 orc priests
  5 orc wizards
  3 adders
  2 shadow imps
  An ufetubus (D:5)
  4 dart slugs
  12 orcs
  2 bats
  2 endoplasms
  A giant cockroach (D:1)
  3 hobgoblins
  A quokka (D:2)
  5 ball pythons
  A goblin (D:1)
  7 kobolds
  12 orc zombies (Bailey)
  A rat (D:2)
117 creatures vanquished.

Vanquished Creatures (others)
  A boulder beetle (D:7)
  A wyvern (D:6)
  A human (D:6)
  3 yaks
  2 killer bees (D:9)
  2 wights (D:6)
  An orc (D:9)
  A plant (D:2)
12 creatures vanquished.

Grand Total: 316 creatures vanquished

Notes
Turn   | Place    | Note
-------+----------+-------------------------------------------
     0 | D:1      | IndexError the Gnoll Summoner began the quest for the Orb.
     0 | D:1      | Reached XP level 1. HP: 13/13 MP: 6/6
   420 | D:1      | Reached XP level 2. HP: 6/19 MP: 3/7
   846 | D:1      | Reached XP level 3. HP: 16/25 MP: 6/9
   849 | D:1      | Reached skill level 5 in Spellcasting
  1026 | D:1      | Found a faded altar of an unknown god.
  1158 | D:2      | Found Bentytuq's Magic Scroll Boutique.
  1286 | D:2      | Learned a level 2 spell: Call Imp
  1290 | D:2      | Learned a level 3 spell: Call Canine Familiar
  1294 | D:2      | Learned a level 3 spell: Summon Guardian Golem
  1515 | D:2      | Reached skill level 1 in Invocations
  1541 | D:2      | HP: 6/25 [poisoned by an adder]
  1546 | D:2      | HP: 2/25 [poisoned by an adder]
  1945 | D:2      | Reached skill level 1 in Fighting
  1945 | D:2      | Reached skill level 1 in Short Blades
  1945 | D:2      | Reached skill level 1 in Long Blades
  1945 | D:2      | Reached skill level 1 in Axes
  1945 | D:2      | Reached skill level 1 in Maces & Flails
  1945 | D:2      | Reached skill level 1 in Polearms
  1945 | D:2      | Reached skill level 1 in Staves
  1945 | D:2      | Reached skill level 1 in Slings
  1945 | D:2      | Reached skill level 1 in Bows
  1945 | D:2      | Reached skill level 1 in Crossbows
  1945 | D:2      | Reached skill level 1 in Throwing
  1945 | D:2      | Reached skill level 1 in Armour
  1945 | D:2      | Reached skill level 1 in Shields
  1945 | D:2      | Reached skill level 1 in Unarmed Combat
  1945 | D:2      | Reached skill level 1 in Evocations
  2264 | D:2      | Identified the +5 halberd of the Wraith {drain, SInv}
  2272 | D:2      | Reached XP level 4. HP: 31/32 MP: 7/11
  2918 | D:3      | Reached skill level 1 in Conjurations
  2918 | D:3      | Reached skill level 1 in Hexes
  2918 | D:3      | Reached skill level 1 in Necromancy
  2918 | D:3      | Reached skill level 1 in Translocations
  2918 | D:3      | Reached skill level 1 in Transmutations
  2918 | D:3      | Reached skill level 1 in Fire Magic
  2918 | D:3      | Reached skill level 1 in Ice Magic
  2918 | D:3      | Reached skill level 1 in Air Magic
  2918 | D:3      | Reached skill level 1 in Earth Magic
  2918 | D:3      | Reached skill level 1 in Poison Magic
  3107 | D:3      | Found an ornate altar of the Wu Jian Council.
  3182 | D:3      | Reached XP level 5. HP: 37/37 MP: 12/12
  3518 | D:4      | Noticed an ogre
  3531 | D:4      | Killed an ogre
  3623 | D:4      | Reached skill level 2 in Invocations
  3623 | D:4      | Reached XP level 6. HP: 44/44 MP: 13/13
  3642 | D:4      | Noticed a fire elemental
  3644 | D:4      | Found a stormy altar of Qazlal.
  3645 | D:4      | Noticed an air elemental
  3646 | D:4      | Noticed a water elemental
  3915 | D:4      | Found Nuyvuzill's Antique Armour Boutique.
  4265 | D:4      | Bought a warped leather armour for 119 gold pieces
  4265 | D:4      | Identified the +0 leather armour of Compassion {Int+7
                  | Slay+2} (You bought it in a shop on level 4 of the Dungeon)
  4281 | D:4      | Learned a level 4 spell: Summon Lightning Spire
  4349 | D:5      | Entered Level 5 of the Dungeon
  4349 | D:5      | Noticed a black bear
  4357 | D:5      | Killed a black bear
  4358 | D:5      | Reached skill level 2 in Fighting
  4358 | D:5      | Reached skill level 2 in Short Blades
  4358 | D:5      | Reached skill level 2 in Long Blades
  4358 | D:5      | Reached skill level 2 in Axes
  4358 | D:5      | Reached skill level 2 in Maces & Flails
  4358 | D:5      | Reached skill level 2 in Polearms
  4358 | D:5      | Reached skill level 2 in Staves
  4358 | D:5      | Reached skill level 2 in Slings
  4358 | D:5      | Reached skill level 2 in Bows
  4358 | D:5      | Reached skill level 2 in Crossbows
  4358 | D:5      | Reached skill level 2 in Throwing
  4358 | D:5      | Reached skill level 2 in Armour
  4358 | D:5      | Reached skill level 5 in Dodging
  4358 | D:5      | Reached skill level 2 in Shields
  4358 | D:5      | Reached skill level 2 in Unarmed Combat
  4358 | D:5      | Reached skill level 2 in Evocations
  4422 | D:5      | Reached XP level 7. HP: 36/50 MP: 15/15
  4641 | D:5      | Reached skill level 2 in Conjurations
  4641 | D:5      | Reached skill level 2 in Hexes
  4641 | D:5      | Reached skill level 2 in Necromancy
  4641 | D:5      | Reached skill level 2 in Translocations
  4641 | D:5      | Reached skill level 2 in Transmutations
  4641 | D:5      | Reached skill level 2 in Fire Magic
  4641 | D:5      | Reached skill level 2 in Ice Magic
  4641 | D:5      | Reached skill level 2 in Air Magic
  4641 | D:5      | Reached skill level 2 in Earth Magic
  4641 | D:5      | Reached skill level 2 in Poison Magic
  4648 | D:5      | HP: 12/51 [poisoned by an orc]
  4653 | D:5      | HP: 7/51 [poisoned by an orc]
  4887 | D:5      | Reached skill level 5 in Stealth
  5041 | D:5      | Reached skill level 3 in Invocations
  5299 | D:5      | Reached XP level 8. HP: 57/57 MP: 16/16
  5550 | D:5      | Reached skill level 3 in Fighting
  5550 | D:5      | Reached skill level 3 in Short Blades
  5550 | D:5      | Reached skill level 3 in Long Blades
  5550 | D:5      | Reached skill level 3 in Axes
  5550 | D:5      | Reached skill level 3 in Maces & Flails
  5550 | D:5      | Reached skill level 3 in Polearms
  5550 | D:5      | Reached skill level 3 in Staves
  5550 | D:5      | Reached skill level 3 in Slings
  5550 | D:5      | Reached skill level 3 in Bows
  5550 | D:5      | Reached skill level 3 in Crossbows
  5550 | D:5      | Reached skill level 3 in Throwing
  5550 | D:5      | Reached skill level 3 in Armour
  5550 | D:5      | Reached skill level 3 in Shields
  5550 | D:5      | Reached skill level 3 in Unarmed Combat
  5550 | D:5      | Reached skill level 3 in Evocations
  5731 | D:6      | Noticed a yak
  5731 | D:6      | Noticed a yak
  5731 | D:6      | Noticed a yak
  5731 | D:6      | Noticed a yak
  5731 | D:6      | Noticed a yak
  5862 | D:6      | Reached skill level 6 in Spellcasting
  6117 | D:6      | Reached skill level 3 in Conjurations
  6117 | D:6      | Reached skill level 3 in Hexes
  6117 | D:6      | Reached skill level 3 in Necromancy
  6117 | D:6      | Reached skill level 3 in Translocations
  6117 | D:6      | Reached skill level 3 in Transmutations
  6117 | D:6      | Reached skill level 3 in Fire Magic
  6117 | D:6      | Reached skill level 3 in Ice Magic
  6117 | D:6      | Reached skill level 3 in Air Magic
  6117 | D:6      | Reached skill level 3 in Earth Magic
  6117 | D:6      | Reached skill level 3 in Poison Magic
  6117 | D:6      | Reached skill level 4 in Invocations
  6123 | D:6      | Reached skill level 6 in Dodging
  6123 | D:6      | Reached XP level 9. HP: 37/65 MP: 9/18
  6312 | D:6      | Reached skill level 4 in Fighting
  6312 | D:6      | Reached skill level 4 in Short Blades
  6312 | D:6      | Reached skill level 4 in Long Blades
  6312 | D:6      | Reached skill level 4 in Axes
  6312 | D:6      | Reached skill level 4 in Maces & Flails
  6312 | D:6      | Reached skill level 4 in Polearms
  6312 | D:6      | Reached skill level 4 in Staves
  6312 | D:6      | Reached skill level 4 in Slings
  6312 | D:6      | Reached skill level 4 in Bows
  6312 | D:6      | Reached skill level 4 in Crossbows
  6312 | D:6      | Reached skill level 4 in Throwing
  6312 | D:6      | Reached skill level 4 in Armour
  6312 | D:6      | Reached skill level 4 in Shields
  6312 | D:6      | Reached skill level 4 in Unarmed Combat
  6312 | D:6      | Reached skill level 4 in Evocations
  6697 | D:6      | Reached skill level 6 in Stealth
  6697 | D:6      | Reached skill level 8 in Summonings
  6821 | D:6      | Reached skill level 5 in Invocations
  6891 | D:6      | Reached skill level 7 in Spellcasting
  6949 | D:6      | Reached XP level 10. HP: 51/73 MP: 17/20
  6953 | D:6      | Reached skill level 4 in Conjurations
  6953 | D:6      | Reached skill level 4 in Hexes
  6953 | D:6      | Reached skill level 4 in Necromancy
  6953 | D:6      | Reached skill level 4 in Translocations
  6953 | D:6      | Reached skill level 4 in Transmutations
  6953 | D:6      | Reached skill level 4 in Fire Magic
  6953 | D:6      | Reached skill level 4 in Ice Magic
  6953 | D:6      | Reached skill level 4 in Air Magic
  6953 | D:6      | Reached skill level 4 in Earth Magic
  6953 | D:6      | Reached skill level 4 in Poison Magic
  7116 | D:6      | Found a staircase to the Ecumenical Temple.
  7183 | Temple   | Entered the Ecumenical Temple
  7301 | Temple   | Became a worshipper of Ashenzari the Shackled
  7396 | D:7      | Noticed a boulder beetle
  7847 | D:6      | Reached skill level 5 in Fighting
  7847 | D:6      | Reached skill level 5 in Short Blades
  7847 | D:6      | Reached skill level 5 in Long Blades
  7847 | D:6      | Reached skill level 5 in Axes
  7847 | D:6      | Reached skill level 5 in Maces & Flails
  7847 | D:6      | Reached skill level 5 in Polearms
  7847 | D:6      | Reached skill level 5 in Staves
  7847 | D:6      | Reached skill level 5 in Slings
  7847 | D:6      | Reached skill level 5 in Bows
  7847 | D:6      | Reached skill level 5 in Crossbows
  7847 | D:6      | Reached skill level 5 in Throwing
  7847 | D:6      | Reached skill level 5 in Armour
  7847 | D:6      | Reached skill level 5 in Shields
  7847 | D:6      | Reached skill level 5 in Unarmed Combat
  7847 | D:6      | Reached skill level 5 in Evocations
  7924 | D:7      | Found a flagged portal.
  8018 | Bailey   | Entered a bailey
  8529 | Bailey   | Identified the +2 scale mail of the Tarantula {rElec rC+}
  8601 | Bailey   | Noticed a gargoyle
  8615 | Bailey   | Killed a gargoyle
  8616 | Bailey   | Reached skill level 7 in Dodging
  8905 | Bailey   | Identified the +7 chain mail of the Heavens {Str+5 Int+2}
  9005 | Bailey   | Got the Grimoire of the Unstable Birds
  9465 | D:7      | Reached skill level 6 in Invocations
  9501 | D:7      | Killed a boulder beetle
  9502 | D:7      | Reached skill level 7 in Stealth
  9952 | D:4      | Bought a pair of runed boots for 127 gold pieces
 10539 | D:7      | Reached XP level 11. HP: 48/81 MP: 17/22
 10862 | D:8      | Found a burning altar of Makhleb.
 10877 | D:8      | Found a hazy altar of Hepliaklqana.
 10877 | D:8      | Found a glowing silver altar of Zin.
 10886 | D:8      | Found an ancient bone altar of Kikubaaqudgha.
 10889 | D:8      | Found a sacrificial altar of Ru.
 11045 | D:8      | Reached skill level 6 in Fighting
 11045 | D:8      | Reached skill level 6 in Short Blades
 11045 | D:8      | Reached skill level 6 in Long Blades
 11045 | D:8      | Reached skill level 6 in Axes
 11045 | D:8      | Reached skill level 6 in Maces & Flails
 11045 | D:8      | Reached skill level 6 in Polearms
 11045 | D:8      | Reached skill level 6 in Staves
 11045 | D:8      | Reached skill level 6 in Slings
 11045 | D:8      | Reached skill level 6 in Bows
 11045 | D:8      | Reached skill level 6 in Crossbows
 11045 | D:8      | Reached skill level 6 in Throwing
 11045 | D:8      | Reached skill level 6 in Armour
 11045 | D:8      | Reached skill level 6 in Shields
 11045 | D:8      | Reached skill level 6 in Unarmed Combat
 11045 | D:8      | Reached skill level 6 in Evocations
 11067 | D:8      | Reached skill level 5 in Conjurations
 11067 | D:8      | Reached skill level 5 in Hexes
 11067 | D:8      | Reached skill level 5 in Necromancy
 11067 | D:8      | Reached skill level 5 in Translocations
 11067 | D:8      | Reached skill level 5 in Transmutations
 11067 | D:8      | Reached skill level 5 in Fire Magic
 11067 | D:8      | Reached skill level 5 in Ice Magic
 11067 | D:8      | Reached skill level 5 in Air Magic
 11067 | D:8      | Reached skill level 5 in Earth Magic
 11067 | D:8      | Reached skill level 5 in Poison Magic
 11602 | D:8      | Reached skill level 8 in Spellcasting
 11746 | D:8      | Learned a level 5 spell: Summon Forest
 11943 | D:9      | Found a runed translucent gate.
 11944 | D:9      | Found a runed translucent gate.
 11944 | D:9      | Identified the +1 plate armour of Tudiq {rElec rN+ Int+6}
 11945 | D:9      | Noticed paps's ghost (novice OpDe)
 11945 | D:9      | Found a runed translucent gate.
 12484 | D:9      | Noticed a +0 dagger
 12485 | D:9      | Found a hide-covered altar of Uskayaw.
 12485 | D:9      | Noticed a +0 hand axe
 12752 | D:9      | Identified the +3 spear of Vaihesom {freeze, *Rage +Blink
                  | rPois Stlth+}
 12811 | D:9      | Found a snail-covered altar of Cheibriados.
 12949 | D:9      | Found a staircase to the Orcish Mines.
 12968 | D:9      | Found a staircase to the Lair.
 13262 | D:10     | Entered Level 10 of the Dungeon
 13399 | D:9      | Killed paps's ghost
 13400 | D:9      | Reached skill level 9 in Summonings
 13400 | D:9      | Reached skill level 7 in Invocations
 13437 | D:9      | Reached skill level 8 in Dodging
 13553 | D:9      | Identified the +0 helmet "Zeeget" {Harm rC- Dex+2}
 13863 | D:10     | You are sucked into a shaft and drop 2 floors!
 13937 | D:11     | Found a transporter.
 13942 | D:11     | Noticed fly's ghost (journeyman DgTm)
 13960 | D:11     | Found a transporter.
 14036 | D:11     | Noticed a red ugly thing
 14473 | D:10     | Found a runed translucent door.
 14876 | D:10     | Found a bloodstained altar of Trog.
 15106 | D:10     | Identified the +2 ring mail "Geututip" {Int+4}
 15158 | D:10     | Noticed a cyclops
 15167 | D:10     | Killed a cyclops
 15253 | D:10     | Found a runed translucent door.
 15518 | D:10     | Reached skill level 8 in Stealth
 15565 | D:10     | Noticed a two-headed ogre
 15574 | D:10     | Killed a two-headed ogre
 15593 | D:10     | Noticed a four-headed hydra
 15608 | D:10     | HP: 17/84 [four-headed hydra (10)]
 15609 | D:10     | Killed a four-headed hydra
 15610 | D:10     | Reached XP level 12. HP: 19/91 MP: 7/25
 15610 | D:10     | Killed by an exploding themself... ignited by their inner
                  | flame

Illustrated notes

Levels and vault maps discovered:
D:1:      saegor_arrival_simple_b, layout_rooms,
          shapermc_ecumenical_altar_ellora, st_stairs_6,
          minmay_misc_feat_nine_boxes, serial_park_tiny_2
D:2:      minmay_chambers_of_ones, layout_basic, serial_shops, shop,
          minivault_26, corexii_shack, grunt_decor_mini_mirrors
D:3:      layout_rooms, nzn_wu_jian_council_hall, nrook_campfire,
          minmay_starry_boxes
D:4:      layout_loops_cross, nicolae_qazlal_style_of_elements,
          nicolae_inconvenience_store
D:5:      corexii_shack_village, layout_basic
D:6:      kennysheep_spiral_hall, layout_rooms, temple_fountains,
          minmay_ruffians
D:7:      layout_rooms, enter_bailey_2, kennysheep_path_1
D:8:      layout_basic, minmay_overflow_temple_star_hex,
          hangedman_decor_opposing
D:9:      layout_stronghold, mainiacjoe_overflow_catwalk,
          dancing_weapons_uskayaw, lair_entry_dummy, biasface_ghost_orc_armoury
D:10:     cheibrodos_histonic, layout_stronghold, amcnicky_altar_gilded
D:11:     layout_irregular_city, serial_glass, glass_columns_a, glass_columns_a,
          gammafunk_ghost_stat_death
D:12:     layout_roguey, nicolae_gozag_cash_rules_everything_around_me
Temple:   hc_temple_tempest_star

Skill      XL: |  1  2  3  4  5  6  7  8  9 10 11 |
---------------+----------------------------------+-----
Spellcasting   | 5 6 7 8 |  8.6
Invocations    | 1 2 3 4 5 6 7 |  7.5
Fighting       | 1 2 3 4 5 6 |  6.9
Short Blades   | 1 2 3 4 5 6 |  6.9
Long Blades    | 1 2 3 4 5 6 |  6.9
Axes           | 1 2 3 4 5 6 |  6.9
Maces & Flails | 1 2 3 4 5 6 |  6.9
Polearms       | 1 2 3 4 5 6 |  6.9
Staves         | 1 2 3 4 5 6 |  6.9
Slings         | 1 2 3 4 5 6 |  6.9
Bows           | 1 2 3 4 5 6 |  6.9
Crossbows      | 1 2 3 4 5 6 |  6.9
Throwing       | 1 2 3 4 5 6 |  6.9
Armour         | 1 2 3 4 5 6 |  6.9
Shields        | 1 2 3 4 5 6 |  6.9
Unarmed Combat | 1 2 3 4 5 6 |  6.9
Evocations     | 1 2 3 4 5 6 |  6.9
Conjurations   | 1 2 3 4 5 |  5.7
Hexes          | 1 2 3 4 5 |  5.7
Necromancy     | 1 2 3 4 5 |  5.7
Translocations | 1 2 3 4 5 |  5.7
Transmutations | 1 2 3 4 5 |  5.7
Fire Magic     | 1 2 3 4 5 |  5.7
Ice Magic      | 1 2 3 4 5 |  5.7
Air Magic      | 1 2 3 4 5 |  5.7
Earth Magic    | 1 2 3 4 5 |  5.7
Poison Magic   | 1 2 3 4 5 |  5.7
Dodging        | 5 6 7 8 |  8.3
Stealth        | 5 6 7 8 |  8.1
Summonings     | 8 9 |  9.2

Action                   |  1- 3 |  4- 6 |  7- 9 | 10-12 || total
-------------------------+-------+-------+-------+-------++-------
Melee: Dagger            |    76 |       |       |       ||    76
       Unarmed           |     3 |       |       |       ||     3
       Bite              |    10 |     8 |    15 |    21 ||    54
       Punch             |     1 |       |       |       ||     1
       Halberd           |       |    92 |   111 |   331 ||   534
 Cast: Summon Small Mamm |    25 |     5 |     6 |    25 ||    61
       Call Canine Famil |     7 |     4 |    16 |    39 ||    66
       Call Imp          |     3 |     3 |     4 |    33 ||    43
       Summon Guardian G |       |       |     5 |    20 ||    25
       Summon Lightning  |       |       |       |    15 ||    15
       Summon Forest     |       |       |       |     1 ||     1
Invok: Curse Item        |       |       |       |     1 ||     1
  Use: Potion            |       |       |       |     1 ||     1
 Stab: Sleeping          |     6 |    11 |     8 |    14 ||    39
       Distracted        |     1 |     1 |     4 |     4 ||    10
Armor: Robe              |    14 |    31 |       |       ||    45
       Leather armour    |       |       |    25 |    68 ||    93
Dodge: Dodged            |    55 |    65 |    63 |   198 ||   381
Block: Other             |       |       |       |    17 ||    17

Table legend: (Time is in decaauts)
 A = Elapsed time spent in this place.
 B = Non-inter-level travel time spent in this place.
 C = Inter-level travel time spent in this place.
 D = Time resting spent in this place.
 E = Time spent auto-exploring this place.
 F = Levels seen in this place.
 G = Mean time per level.
                   A        B        C        D        E       F      G
               +--------+--------+--------+--------+--------+-----+--------+
         Total |  15800 |  14493 |   1307 |    211 |  11177 |  14 | 1128.6 |
       Dungeon |  14418 |  13151 |   1267 |    170 |  10236 |  12 | 1201.5 |
        Temple |    130 |     90 |     40 |      0 |     79 |   1 |  130.0 |
        Bailey |   1251 |   1251 |      0 |     41 |    862 |   1 | 1251.0 |
               +--------+--------+--------+--------+--------+-----+--------+

Top non-repeatable levels by time:
     D:6: 2042 daAuts
     D:9: 1832 daAuts
    D:10: 1519 daAuts
     D:5: 1516 daAuts
     D:2: 1499 daAuts
     D:7: 1483 daAuts
     D:8: 1263 daAuts
  Bailey: 1251 daAuts
     D:1: 1232 daAuts
     D:4: 988 daAuts
     D:3: 698 daAuts
    D:11: 332 daAuts
  Temple: 130 daAuts
    D:12: 9 daAuts

Table legend:
 A = Kills in this place as a percentage of kills in entire the game.
 B = Kills by you in this place as a percentage of kills by you in the entire game.
 C = Kills by friends in this place as a percentage of kills by friends in the entire game.
 D = Other kills in this place as a percentage of other kills in the entire game.
 E = Experience gained in this place as a percentage of experience gained in the entire game.
 F = Experience gained in this place divided by the number of levels of this place that you have seen.
                   A       B       C       D       E      F
               +-------+-------+-------+-------+-------+----------------------
         Total | 100.0 | 100.0 | 100.0 | 100.0 | 100.0 | 1363.3
       Dungeon |  87.9 |  90.4 |  82.9 | 100.0 |  90.9 | 1445.8
        Bailey |  12.1 |   9.6 |  17.1 |   0.0 |   9.1 | 1737.0
               +-------+-------+-------+-------+-------+----------------------
